 Dungeon Crawl Stone Soup version 0.29-a0-1023-g6ae1a4a2c7 (webtiles) character file.

Game seed: 15690558768179295639

67 BritishOli the Trooper (level 4, -5/29 (35) HPs)
             Began as a Demonspawn Fighter on Aug 11, 2022.
             Slain by Terence
             ... wielding a +1 flail of draining
              (9 damage)
             ... on level 3 of the Dungeon.
             The game lasted 00:01:59 (2025 turns).

BritishOli the Trooper (Demonspawn Fighter)         Turns: 2025, Time: 00:02:00

HP:   -5/29 (35)    AC:  7    Str: 19    XL:     4   Next: 0%
MP:   4/4           EV:  9    Int:  9    God:
Gold: 12            SH:  8    Dex: 12    Spells: 3/3 levels left

rFire   + . .      SeeInvis .   a - +0 long sword
rCold   + . .      Faith    .   c - +0 buckler
rNeg    . . .      Spirit   .   b - +0 scale mail
rPois   +          Reflect  .   h - +1 hat
rElec   +          Harm     .   (no cloak)
rCorr   +          Rampage  .   (no gloves)
Will    .....                   (no boots)
Stlth   ..........              (no amulet)
HPRegen 0.09/turn               (no ring)
MPRegen 0.09/turn               (no ring)

@: resistant, heavily drained
A: antennae 2, condensation shield
a: no special abilities


You were on level 3 of the Dungeon.
You visited 1 branch of the dungeon, and saw 3 of its levels.

You collected 122 gold pieces.
You spent 110 gold pieces at shops.

Inventory:

Hand Weapons
 a - a +0 long sword (weapon)
Armour
 b - a +0 scale mail (worn)
 c - a +0 buckler (worn)
 h - a +1 hat (worn)
Jewellery
 k - a ring of protection from cold
Scrolls
 e - 4 scrolls of identify {unknown}
 i - a scroll of amnesia {unknown}
Potions
 d - a potion of might
 f - a potion of cancellation {unknown}
 g - a potion of resistance
 j - a potion of magic {unknown}
 l - 2 potions of curing
 m - a potion of heal wounds
 n - a potion of ambrosia {unknown}


   Skills:
 + Level 3.5 Fighting
 + Level 2.4 Long Blades
 + Level 3.2 Armour
 + Level 3.2 Shields


You had 3 spell levels left.
You didn't know any spells.
Your spell library was empty.

Dungeon Overview and Level Annotations

Branches:
Dungeon (3/15)

Altars:

Shops:
D:3 !

Annotations:
D:3 Terence


Innate Abilities, Weirdness & Mutations

You have a pair of antennae on your head.
A meltable shield of frost defends you. (SH +4)


Message History

Terence is heavily wounded.
Terence closely misses you.
You hit Terence.
Terence is heavily wounded.
You block Terence's attack.
You hit Terence.
Terence is severely wounded.
Terence misses you.
You barely miss Terence.
Terence is severely wounded.
Terence hits you with a +1 flail of draining.
You feel drained.
Terence screams, "I'm going to kill you!"
Terence hits you with a +1 flail of draining.
* * * LOW HITPOINT WARNING * * *
You feel drained.
* * * LOW HITPOINT WARNING * * *
Terence attacks as you move away! Terence misses you.
Terence attacks as you move away! You block Terence's attack.
Terence attacks as you move away! Terence closely misses you.
Terence attacks as you move away! Terence closely misses you.
You aren't carrying any items that you can evoke.
Sorry, you're not good enough to have a special ability.
Okay, then.
It was a potion of resistance.
You feel protected. Terence closely misses you.
You closely miss Terence.
Terence is heavily wounded.
Terence closely misses you.
You hit Terence but do no damage.
Terence is heavily wounded.
You block Terence's attack.
You barely miss Terence.
Terence is heavily wounded.
You block Terence's attack. Terence barely misses you.
You hit Terence but do no damage.
Terence is heavily wounded.
Terence hits you with a +1 flail of draining!
You die...

.###.#.......# ##.##...........
.# #.#####.#.# #.....#####.####
.# #.# #.#.### #..#### #.#
.###.## ##.....# #..# #.# #
......###......# #..# #.# #
.#..........<..# #..# #.# #
.#.#..###......###..# #.## #
.#.#..##.#..........########..#
#
......##........@@........###.#
# ##.##.##.##.##.####.#####.#
#.### ...##.##..#.#..# #.# #.#
#)... ##.##.##.#...#.# #.#
##.####### #...#.##.##.##.#
#.####...######
......##.##.##.#
#.##...#.......
...............#
#.##.#...######
.....###.##.#### #.##.##.## #
#...####.##.##### #.## #.# #


You could see Terence.

Vanquished Creatures
  An adder (D:3)
  2 worms (D:3)
  A dart slug (D:1)
  An orc (D:3)
  A ball python (D:1)
  6 bats
  3 endoplasms
  3 giant cockroaches (D:1)
  3 goblins
  6 hobgoblins
  5 jackals
  3 quokkas
  A frilled lizard (D:3)
  5 kobolds
  3 rats (D:1)
44 creatures vanquished.

Notes
Turn   | Place    | Note
-------+----------+-------------------------------------------
     0 | D:1      | BritishOli the Demonspawn Fighter began the quest for the
                  | Orb.
     0 | D:1      | Reached XP level 1. HP: 18/18 MP: 1/1
   136 | D:1      | Gained mutation: You have a pair of small antennae on your
                  | head. [demonic ancestry]
   136 | D:1      | Reached XP level 2. HP: 18/24 MP: 2/2
   775 | D:1      | Gained mutation: A meltable shield of frost defends you.
                  | (SH +4) [demonic ancestry]
   775 | D:1      | Reached XP level 3. HP: 17/29 MP: 3/3
  1197 | D:2      | You fall into a shaft and drop 1 floor!
  1590 | D:3      | Found Xiafut's Distillery.
  1707 | D:3      | Bought a potion of curing for 30 gold pieces
  1707 | D:3      | Bought a potion of curing for 30 gold pieces
  1707 | D:3      | Bought a potion of heal wounds for 50 gold pieces
  1898 | D:3      | Gained mutation: You have a pair of antennae on your head.
                  | [demonic ancestry]
  1898 | D:3      | Reached XP level 4. HP: 35/35 MP: 4/4
  2002 | D:3      | Noticed Terence
  2025 | D:3      | Slain by Terence

Illustrated notes

Levels and vault maps discovered:
D:1:      lemuel_arrival_cross, layout_loops_cross, minmay_box_of_dots
D:2:      layout_basic, shapermc_ecumenical_altar_flowoftime,
          minmay_pentomino_r4
D:3:      layout_loops_ring, serial_shops, nicolae_shop_crystal, shop_fountains,
          uniq_terence

Skill      XL: |  1  2 |
---------------+-------+-----
Long Blades    | 2 |  2.4
Armour         | 3 |  3.2
Shields        | 3 |  3.2
Fighting       | |  3.5

Action                   |  1- 3 |  4- 6 || total
-------------------------+-------+-------++-------
Melee: Long sword        |   142 |    10 ||   152
  Use: Potion            |       |     1 ||     1
Armor: Scale mail        |    95 |     1 ||    96
Dodge: Dodged            |    84 |     8 ||    92
Block: Buckler           |    64 |     4 ||    68

Table legend: (Time is in decaauts)
 A = Elapsed time spent in this place.
 B = Non-inter-level travel time spent in this place.
 C = Inter-level travel time spent in this place.
 D = Time resting spent in this place.
 E = Time spent auto-exploring this place.
 F = Levels seen in this place.
 G = Mean time per level.
                   A        B        C        D        E       F      G
               +--------+--------+--------+--------+--------+-----+--------+
         Total |   2074 |   2044 |     30 |    208 |   1519 |   3 |  691.3 |
       Dungeon |   2074 |   2044 |     30 |    208 |   1519 |   3 |  691.3 |
               +--------+--------+--------+--------+--------+-----+--------+

Top non-repeatable levels by time:
     D:1: 1130 daAuts
     D:3: 845 daAuts
     D:2: 98 daAuts
